AoeStats
← buggsy 23

Oasis

508570353Analyzed
3v3 RM · 8d ago on Sep 23, 2026· 79m 4s· 6 players
Game mode
Random Map
Map size
Normal (6 player)
Population
200
Speed
Normal
Resources
Standard
Victory
Conquest
Starting age
Dark Age
Ending age
Imperial Age
RankedLock teamsTeams togetherTeam positionsShared explorationLock speedFull tech treeHidden civsTurbo modeCheats
Victory
Defeat
🇺🇸 Malay · United States
969
+13
🇺🇸 Huns · United States
896
+16
🇺🇸 Vietnamese · United States
837
+20
🇺🇸 Romans · United States
943
-18
🇧🇷 Poles · Brazil
928
-17
🇺🇸 Byzantines · United States
846
-14
FreshUCakes
7:39 Loom
11:18 Feudal Age
12:06 Double-Bit Axe
12:38 Man-at-Arms
14:07 Arson
17:46 Forging
21:32 Castle Age
20:41 Pikeman
20:42 Long Swordsman
21:24 Squires
22:34 Wheelbarrow
26:17 Wheelbarrow
25:28 Town Watch
29:18 Town Patrol
29:49 Bow Saw
33:30 Iron Casting
32:47 Fletching
34:30 Hand Cart
34:30 Masonry
34:03 Treadmill Crane
34:46 Ballistics
35:18 Horse Collar
36:33 Scale Barding Armor
37:32 Padded Archer Armor
37:29 Bodkin Arrow
40:37 Imperial Age
39:03 Murder Holes
39:28 Husbandry
41:38 Blast Furnace
40:39 Bracer
40:40 Capped Ram
40:57 Two-Handed Swordsman
42:28 Conscription
43:52 Chemistry
44:07 Forced Levy
48:03 Heavy Plow
52:15 Halberdier
56:02 Elite Karambit Warrior
61:47 Padded Archer Armor
61:57 Siege Engineers
66:48 Elite Battle Elephant
67:30 Gold Mining
77:37 Stone Mining
78:22 Gold Shaft Mining
RUBBER DUCKS 00
5:36 Loom
14:33 Feudal Age
15:54 Horse Collar
16:04 Double-Bit Axe
22:30 Castle Age
22:40 Wheelbarrow
24:11 Hand Cart
23:51 Fletching
24:01 Padded Archer Armor
24:11 Heavy Plow
24:41 Caravan
25:27 Bloodlines
25:33 Husbandry
26:49 Ballistics
27:08 Bow Saw
28:35 Murder Holes
28:56 Thumb Ring
28:16 Elite Skirmisher
29:48 Chatras
31:05 Bodkin Arrow
31:27 Leather Archer Armor
35:13 Imperial Age
34:36 Scale Barding Armor
34:42 Forging
37:04 Chemistry
36:12 Elite Battle Elephant
38:28 Chain Barding Armor
38:44 Iron Casting
38:14 Bracer
38:54 Imperial Skirmisher
39:52 Elite Rattan Archer
40:57 Paper Money
41:06 Paper Money
41:57 Plate Barding Armor
42:46 Ring Archer Armor
buggsy 23
11:45 Feudal Age
18:02 Castle Age
16:20 Double-Bit Axe
16:19 Horse Collar
19:57 Wheelbarrow
20:01 Bow Saw
19:55 Heavy Plow
24:22 Fletching
25:22 Hand Cart
26:06 Thumb Ring
28:09 Bodkin Arrow
29:19 Ballistics
29:48 Padded Archer Armor
34:22 Imperial Age
33:49 Leather Archer Armor
34:03 Caravan
36:56 Parthian Tactics
38:28 Scale Barding Armor
38:34 Forging
40:24 Chemistry
41:08 Conscription
41:56 Iron Casting
41:42 Chain Barding Armor
41:06 Light Cavalry
41:47 Husbandry
41:59 Bloodlines
41:17 Cavalier
43:40 Two-Man Saw
46:12 Plate Barding Armor
46:40 Blast Furnace
47:10 Bracer
47:23 Heavy Cavalry Archer
49:53 Hussar
54:01 Paladin
63:48 Murder Holes
67:11 Elite Skirmisher
70:38 Imperial Skirmisher
M3TAL JUNKI3xXx
0:42 Loom
10:53 Feudal Age
11:47 Horse Collar
11:54 Town Watch
11:58 Double-Bit Axe
22:18 Castle Age
22:41 Gold Mining
22:42 Stone Mining
23:30 Wheelbarrow
23:07 Heavy Plow
23:22 Bow Saw
24:38 Hand Cart
25:11 Gold Shaft Mining
26:27 Fletching
28:11 Elite Skirmisher
28:55 Scale Mail Armor
28:52 Bodkin Arrow
28:59 Padded Archer Armor
29:19 Town Patrol
29:29 Squires
38:33 Imperial Age
36:40 Man-at-Arms
36:41 Pikeman
37:26 Scale Mail Armor
37:36 Forging
38:32 Leather Archer Armor
38:33 Chain Mail Armor
37:48 Long Swordsman
41:32 Iron Casting
41:28 Ring Archer Armor
41:36 Fortified Wall
41:38 Masonry
41:26 Murder Holes
43:21 Blast Furnace
43:48 Caravan
43:59 Guilds
43:35 Legionary
44:06 Halberdier
44:58 Ballistas
44:18 Heavy Scorpion
44:39 Capped Ram
46:49 Conscription
46:08 Siege Ram
47:15 Legionary
64:02 Ballistics
Bounce
1:30 Loom
15:05 Feudal Age
15:31 Horse Collar
15:38 Double-Bit Axe
16:36 Wheelbarrow
15:54 Gold Mining
21:12 Castle Age
22:07 Heavy Plow
22:02 Stone Mining
30:26 Scale Mail Armor
32:05 Chain Mail Armor
34:40 Arson
37:30 Hand Cart
37:55 Forging
41:29 Imperial Age
39:48 Squires
39:09 Pikeman
41:10 Iron Casting
42:38 Bow Saw
42:23 Onager
45:29 Two-Man Saw
45:08 Crop Rotation
45:17 Halberdier
50:59 Caravan
59:14 Fletching
63:02 Elite Varangian Guard
66:46 Plate Mail Armor
henrique.villetti
7:09 Loom
10:19 Feudal Age
12:23 Double-Bit Axe
12:21 Horse Collar
19:37 Castle Age
27:14 Bow Saw
27:16 Heavy Plow
29:43 Gold Mining
29:43 Stone Mining
31:52 Stone Shaft Mining
34:34 Wheelbarrow
37:33 Imperial Age
37:47 Imperial Age
35:36 Szlachta Privileges
37:55 Elite Obuch
38:57 Conscription
40:54 Forging
40:45 Scale Mail Armor
42:21 Caravan
43:41 Iron Casting
43:24 Chain Mail Armor
43:16 Scale Barding Armor
44:32 Crop Rotation
45:32 Blast Furnace
45:03 Plate Mail Armor
45:43 Blast Furnace
46:16 Chain Barding Armor
49:23 Bloodlines
49:13 Husbandry
48:45 Cavalier
60:45 Hand Cart
Connection lost

Rejoining the realm…

Still unreachable

The connection could not be restored.

Session expired

The server has moved on; the page needs a fresh start.